 Dungeon Crawl Stone Soup version 0.28-a0-1182-g381e24db82 (webtiles) character file.

Game seed: 2145829735093308499

59 Conn the Firebug (level 4, -6/27 HPs)
             Began as an Octopode Fire Elementalist on Dec 17, 2021.
             Killed from afar by a white imp (11 damage)
             ... with a puff of frost
             ... summoned by Natasha
             ... on level 2 of the Dungeon.
             The game lasted 00:02:44 (2325 turns).

Conn the Firebug (Octopode Fire Elementalist)       Turns: 2325, Time: 00:02:50

Health: -6/27      AC:  1    Str:  7    XL:     4   Next: 3%
Magic:  7/7        EV: 13    Int: 19    God:
Gold:   81         SH:  5    Dex: 12    Spells: 7/8 levels left

rFire   . . .      SeeInvis .   c - +0 dagger
rCold   . . .      Faith    .   (no shield)
rNeg    + . .      Spirit   .   (helmet restricted)
rPois   .          Reflect  +   j - amulet of reflection
rElec   .          Harm     .   f - ring of positive energy
rCorr   .          Rampage  .   (no ring)
Will    .....                   (no ring)
Stlth   +++.......              (no ring)
HPRegen 0.09/turn               (no ring)
MPRegen 0.10/turn               (no ring)
                                (no ring)
                                (no ring)

@: no status effects
A: almost no armour, amphibious, 8 rings, camouflage 1, gelatinous body 1,
(nimble swimmer 1), tentacles
a: no special abilities


You were on level 2 of the Dungeon.
You visited 1 branch of the dungeon, and saw 2 of its levels.

You collected 81 gold pieces.

Inventory:

Hand Weapons
 c - a +0 dagger (weapon)
Missiles
 d - 16 sling bullets
 e - 2 poisoned darts
 n - 4 curare-tipped darts
Jewellery
 f - a ring of positive energy (left tentacle)
 j - an amulet of reflection (around mantle)
Scrolls
 a - 2 scrolls of fear {unknown}
 h - a scroll of enchant armour {unknown}
 i - a scroll of teleportation {unknown}
Potions
 b - a potion of cancellation {unknown}
 g - a potion of curing {unknown}
 k - 3 potions of heal wounds {unknown}
 l - a potion of might {unknown}
 m - a potion of brilliance {unknown}
 o - a potion of degeneration {unknown}


   Skills:
 + Level 0.4 Short Blades
 + Level 2.0 Dodging
 + Level 3.2 Stealth
 + Level 2.6 Spellcasting
 + Level 1.9 Conjurations
 + Level 3.5 Fire Magic


You had 7 spell levels left.
You knew the following spells:

 Your Spells              Type           Power      Damage    Failure   Level
a - Foxfire               Conj/Fire      52%        2x1d6     4%          1

Your spell library contained the following spells:

 Spells                   Type           Power      Damage    Failure   Level
 Scorch                   Fire           32%        2d6       5%          2
 Summon Small Mammal      Summ           8%         N/A       16%         1
 Conjure Flame            Conj/Fire      13%        6-21      16%         3
 Inner Flame              Hex/Fire       9%         N/A       22%         3
 Call Canine Familiar     Summ           2%         N/A       43%         3
 Ozocubu's Armour         Ice            2%         N/A       43%         3
 Summon Guardian Golem    Hex/Summ       2%         N/A       43%         3
 Flame Wave               Conj/Fire      13%        2d5       45%         4
 Metabolic Englaciation   Hex/Ice        1%         N/A       99%         5
 Simulacrum               Ice/Necr       1%         N/A       100%        6


Dungeon Overview and Level Annotations

Branches:
Dungeon (2/15)

Altars:
Ru

Annotations:
D:2 Natasha


Innate Abilities, Weirdness & Mutations

You cannot wear most types of armour.
You are amphibious.
You can wear up to eight rings at the same time.
Your skin changes colour to match your surroundings (Stealth+).
Your rubbery body absorbs attacks. (AC +1, EV +1)
((You are camouflaged near water. (Stealth+)))
You have tentacles for arms and can constrict up to eight enemies at once.


Message History

Things that are here:
a +0 club; a goblin corpse
There is an open door here.
A giant cockroach comes into view.
Unknown command.
Casting: Foxfire (safe; 4% risk of failure)
Confirm with . or Enter, or press ? or * to list all spells.
You conjure some foxfire!
Casting: Foxfire (safe; 4% risk of failure)
Confirm with . or Enter, or press ? or * to list all spells.
You conjure some foxfire!
The foxfire hits the giant cockroach.
The giant cockroach is moderately wounded.
The foxfire hits the giant cockroach.
The giant cockroach is almost dead.
The giant cockroach bites you.
Unknown command.
You hit the giant cockroach.
You kill the giant cockroach!
You see here a giant cockroach corpse.
Your foxfire dissipates! x2
Natasha, Servant of Life and Death comes into view.
The helpless Natasha fails to defend herself.
You puncture Natasha! You grab Natasha.
Natasha is heavily wounded.
You constrict Natasha, but do no damage.
Natasha claws you.
You hit Natasha.
Natasha is severely wounded.
You constrict Natasha. Natasha claws you!
You hit Natasha but do no damage.
Natasha is severely wounded.
You constrict Natasha.
Natasha mumbles some strange words.
You hit Natasha but do no damage.
Natasha is almost dead.
You constrict Natasha. Natasha claws you!
* * * LOW HITPOINT WARNING * * *
The white imp gestures at you. The puff of frost hits you!
You die...

##.#..........#
#.....###.#.. #.##.........#
#.....+...#..
#.##.........###.....#####.#
#...........#....#.........#
###########.#.####.#####....
#.....#.##.........###
#.#####.##.#.######### #
#.#..5#.##.#..........
#.#.#.#@#.##.#######.###
#.....#h#.##............
#...#.#.#.#.##############
..........#.#.# #.........
#####.#.#.#.#.# #.########
#.#.###.#.# #.# # #.. ..#.#
#.# #.# ###.# #.# ...
#.#####.#


You could see Natasha and a white imp (summoned).

Vanquished Creatures
  An adder (D:2)
  2 dart slugs (D:1)
  7 endoplasms
  3 giant cockroaches
  7 goblins
  A hobgoblin (D:1)
  A quokka (D:2)
  5 ball pythons
  4 bats
  A frilled lizard (D:2)
  6 kobolds
  4 rats
42 creatures vanquished.

Vanquished Creatures (others)
  111 foxfires
111 creatures vanquished.

Grand Total: 153 creatures vanquished

Notes
Turn   | Place    | Note
-------+----------+-------------------------------------------
     0 | D:1      | Conn the Octopode Fire Elementalist began the quest for the
                  | Orb.
     0 | D:1      | Reached XP level 1. HP: 11/11 MP: 3/3
    26 | D:1      | Found a faded altar of an unknown god.
   219 | D:1      | Reached XP level 2. HP: 17/17 MP: 0/5
   701 | D:1      | Reached XP level 3. HP: 17/21 MP: 6/6
  1596 | D:2      | Found a sacrificial altar of Ru.
  2199 | D:2      | Reached XP level 4. HP: 27/27 MP: 7/7
  2320 | D:2      | Noticed Natasha
  2325 | D:2      | Killed from afar by a white imp

Illustrated notes

Levels and vault maps discovered:
D:1:      dpeg_arrival_arbitrary_c, layout_basic,
          hellmonk_ecumenical_altar_crossroads
D:2:      layout_basic, basic_altar, uniq_natasha

Skill      XL: |  1 |
---------------+----+-----
Stealth        | 3 |  3.2
Short Blades   | |  0.4
Dodging        | |  2.0
Spellcasting   | |  2.6
Conjurations   | |  1.9
Fire Magic     | |  3.5

Action                   |  1- 3 |  4- 6 || total
-------------------------+-------+-------++-------
Melee: Dagger            |    40 |     5 ||    45
       Constrict         |    10 |     1 ||    11
       Tentacles         |     4 |       ||     4
 Cast: Foxfire           |    62 |     2 ||    64
 Stab: Sleeping          |     3 |     1 ||     4
Armor: Skin              |     4 |       ||     4
Dodge: Dodged            |    28 |       ||    28
Block: Other             |     5 |       ||     5

Table legend: (Time is in decaauts)
 A = Elapsed time spent in this place.
 B = Non-inter-level travel time spent in this place.
 C = Inter-level travel time spent in this place.
 D = Time resting spent in this place.
 E = Time spent auto-exploring this place.
 F = Levels seen in this place.
 G = Mean time per level.
                   A        B        C        D        E       F      G
               +--------+--------+--------+--------+--------+-----+--------+
         Total |   2323 |   2299 |     24 |      0 |   1809 |   2 | 1161.5 |
       Dungeon |   2323 |   2299 |     24 |      0 |   1809 |   2 | 1161.5 |
               +--------+--------+--------+--------+--------+-----+--------+

Top non-repeatable levels by time:
     D:1: 1363 daAuts
     D:2: 960 daAuts
